 Dungeon Crawl Stone Soup version 0.31.0-10-gcf4a605ca0 (webtiles) character file.

Game seed: 13922105206812439204

758 sanka the Grappler (level 7, 0/67 HPs)
             Began as a Troll Shapeshifter on Jan 25, 2024.
             Slain by Pikel
             ... wielding a +1 whip of electrocution
              (10 damage)
             ... on level 4 of the Dungeon.
             The game lasted 00:04:28 (2479 turns).

sanka the Grappler (Troll Shapeshifter)             Turns: 2479, Time: 00:04:29

Health: 0/67       AC:  4    Str: 23    XL:     7   Next: 50%
Magic:  0/6        EV:  9    Int:  6    God:
Gold:   126        SH:  0    Dex: 11    Spells: 6/6 levels left

rFire   . .          .
                       - Unarmed
rCold   . . .        (no shield)
rNeg    . . .        a - +0 animal skin
rPois   .            (helmet currently unavailable)
rElec   .            (cloak currently unavailable)
rCorr   .            (gloves unavailable)
SInv    .            (boots unavailable)
Will    .....        t - amulet of guardian spirit
Stlth   +            (no ring)
HPRegen 1.11/turn    (no ring)
MPRegen 0.10/turn

%: guardian spirit
@: beast-form
A: beast (slay +1), large, unfitting armour, claws 3, regeneration 1, shaggy fur
1, tough skin 1
a: Begin Untransformation


You were on level 4 of the Dungeon.
You were a hulking beast.
You visited 1 branch of the dungeon, and saw 4 of its levels.

You collected 126 gold pieces.


Innate Abilities, Weirdness & Mutations

You are a hulking beast.
Your limbs bulge with bestial killing power. (Slay +1)
You are too large for most types of armour.
You have claws for hands.
Your natural rate of healing is unusually fast.
You are covered in fur. (AC +1)
You have tough skin. (AC +1)


   Skills:
 - Level 3.0 Fighting
 - Level 1.5 Dodging
 + Level 8.2 Unarmed Combat
 - Level 3.0 Shapeshifting


You had 6 spell levels left.
You didn't know any spells.
Your spell library was empty.

Inventory:

Missiles
 s - a throwing net {=f}
Armour
 a - a +0 animal skin (worn)
Jewellery
 t - an amulet of guardian spirit (around neck)
Talismans
 c - a beast talisman (active)
 d - a flux talisman
Wands
 u - a wand of iceblast (12)
Scrolls
 e - 7 scrolls of identify {unknown}
 f - a scroll of amnesia {unknown}
 h - a scroll of brand weapon {unknown}
 l - a scroll of poison {unknown}
 m - a scroll of fear {unknown}
 o - 3 scrolls of enchant weapon {unknown}
 q - a scroll of vulnerability {unknown}
 v - 2 scrolls of teleportation {unknown}
 w - a scroll of enchant armour {unknown}
 x - a scroll of revelation {unknown}
Potions
 b - 2 potions of lignification {!q}
 g - a potion of attraction {unknown}
 i - 2 potions of might {unknown}
 j - 2 potions of ambrosia {unknown}
 k - 3 potions of curing {unknown}
 n - a potion of brilliance {unknown}
 p - 2 potions of degeneration {unknown}
 r - a potion of heal wounds {unknown}

Dungeon Overview and Level Annotations

Branches:
Dungeon (4/15)
 Temple: D:4-7

Altars:
Cheibriados
Vehumet
Xom

Shops:
D:1 :   D:2 *

Annotations:
D:4 2 transporters, Pikel; Skimidon's ghost, amateur FeCA

▒....▒▒†..▒▒▒▒▒▒▒▒▒..........
▒.5. ▒........©......)...†...
▒.5 ▒..................▒▒...
..K ▒.............▒▒...▒▒...
5. ▒.............▒....▒.... .
▒...▒▒........▒....▒....
▒...▒▒55......▒....▒....
▒...▒.K5......▒....▒....
▒▒▒▒▒...▒..h......▒....▒<...
▒..▒....▒.........▒....▒....
▒.['....▒.........▒....▒....
▒▒▒▒▒▒▒▒▒▒▒▒▒▒▒▒▒▒▒▒▒▒▒▒▒▒▒▒


You could see Pikel and 3 lemures.


Message History

The lemure is almost dead.
The lemure barely misses you.
You mangle the lemure!!
You kill the lemure!
That felt strangely unrewarding.
You claw the lemure!
The lemure is moderately wounded.
The lemure hits you. The lemure attacks as it pursues you! The lemure hits you.
Pikel says, "You'll feel the lick of my whip!"
Pikel attacks as he pursues you!
Pikel hits you with a +1 whip of electrocution!
You are electrocuted!
The lemure attacks as it pursues you! The lemure completely misses you.
Pikel attacks as he pursues you! Pikel hits you but does no damage.
You are electrocuted!!
* * * LOW HITPOINT WARNING * * *
Pikel attacks as he pursues you!
Pikel hits you with a +1 whip of electrocution.
* * * LOW HITPOINT WARNING * * *
There is a stone staircase leading up, spattered with blood here.
The lemure barely misses you.
Pikel hits you with a +1 whip of electrocution.
* * * LOW HITPOINT WARNING * * *
You are electrocuted!
You die...
Pikel says, "Another soul for the market."

Action                     |  1- 3 |  4- 6 |  7- 9 || total
---------------------------+-------+-------+-------++-------
  Melee: Unarmed           |    85 |    89 |    25 ||   199
         Punch             |       |     6 |     1 ||     7
   Stab: Sleeping          |       |     1 |       ||     1
 Armour: Animal skin       |    42 |    76 |    26 ||   144
  Dodge: Dodged            |    27 |    33 |     6 ||    66
   Form: Beast             |       |     2 |       ||     2
                           |       |     1 |       ||     1

Levels and vault maps discovered:
D:1:      onia_arrival_pyramid, layout_basic, serial_shops, nicolae_shop_crystal
D:2:      layout_basic, serial_shops, shop
D:3:      layout_basic, mainiacjoe_overflow_concentric_impassable,
          corexii_leaking_fountain, serial_bayou_crossing, uniq_terence
D:4:      layout_gridville, nicolae_overflow_squiral, gammafunk_ghost_arena,
          uniq_pikel, uniq_eustachio, uniq_sigmund

Notes
Turn   | Place    | Note
-------+----------+-------------------------------------------
     0 | D:1      | sanka the Troll Shapeshifter began the quest for the Orb.
     0 | D:1      | Reached XP level 1. HP: 18/18 MP: 0/0
     7 | D:1      | Reached skill level 1 in Fighting
    53 | D:1      | Reached XP level 2. HP: 28/28 MP: 1/1
   191 | D:1      | Found Xonk's Book Shoppe.
   226 | D:1      | Reached skill level 2 in Fighting
   443 | D:1      | Reached XP level 3. HP: 36/36 MP: 2/2
  1102 | D:2      | Found Reummann's Assorted Antiques.
  1311 | D:3      | Reached skill level 3 in Fighting
  1311 | D:3      | Reached XP level 4. HP: 45/45 MP: 3/3
  1333 | D:3      | Reached skill level 4 in Unarmed Combat
  1423 | D:3      | Identified the +2 leather armour of the Weaver {^Drain
                  | Dex+4}
  1495 | D:3      | Reached XP level 5. HP: 49/53 MP: 4/4
  1533 | D:3      | Noticed Terence
  1547 | D:3      | Killed Terence
  1574 | D:3      | Found a shimmering altar of Xom.
  1627 | D:3      | Reached skill level 5 in Unarmed Combat
  1817 | D:4      | Found a snail-covered altar of Cheibriados.
  1818 | D:4      | Found a radiant altar of Vehumet.
  2009 | D:4      | Reached XP level 6. HP: 57/61 MP: 5/5
  2028 | D:4      | Reached skill level 6 in Unarmed Combat
  2079 | D:4      | Noticed Eustachio
  2102 | D:4      | Killed Eustachio
  2234 | D:4      | Reached skill level 7 in Unarmed Combat
  2234 | D:4      | Reached XP level 7. HP: 67/67 MP: 6/6
  2299 | D:4      | Found a transporter.
  2309 | D:4      | Noticed Skimidon's ghost (amateur FeCA)
  2310 | D:4      | Found a transporter.
  2319 | D:4      | Noticed Sigmund
  2345 | D:4      | Killed Sigmund
  2437 | D:4      | Reached skill level 8 in Unarmed Combat
  2460 | D:4      | Noticed Pikel
  2479 | D:4      | Slain by Pikel

Vanquished Creatures
  Sigmund (D:4)
  Eustachio (D:4)
  A lemure (D:4)
  2 scorpions (D:4)
  A hound (D:4)
  2 bombardier beetles (D:3)
  2 orc priests
  Terence (D:3)
  An iguana (D:4)
  3 gnolls (D:3)
  2 adders (D:4)
  A dart slug (D:3)
  7 orcs
  8 ball pythons
  6 endoplasms
  3 giant cockroaches
  5 goblins
  4 hobgoblins
  9 jackals
  9 kobolds
  3 quokkas
  7 bats
  4 frilled lizards
  2 rats
85 creatures vanquished.
